 Dungeon Crawl Stone Soup version 0.31-a0-532-g28f74ba3e5 (webtiles) character file.

Game seed: 14880748112801048445

14 pokeman the Magician (level 2, -3/16 HPs)
             Began as a Deep Elf Hedge Wizard on Aug 12, 2023.
             Frozen to death by an endoplasm (4 damage)
             ... on level 1 of the Dungeon.
             The game lasted 00:00:39 (421 turns).

pokeman the Magician (Deep Elf Hedge Wizard)         Turns: 421, Time: 00:00:40

Health: -3/16      AC:  2    Str:  7    XL:     2   Next: 27%
Magic:  0/9        EV: 12    Int: 18    God:
Gold:   28         SH:  0    Dex: 14    Spells: 9/10 levels left

rFire   . . .        a - +0 dagger
rCold   . . .        (no shield)
rNeg    . . .        b - +0 robe
rPois   .            c - +0 hat
rElec   .            (no cloak)
rCorr   +            (no gloves)
SInv    .            (no boots)
Will    .....        (no amulet)
Stlth   ++           e - ring of resist corrosion
HPRegen 0.22/turn    (no ring)
MPRegen 0.11/turn

%: no passive effects
@: no status effects
A: no striking features
a: no special abilities


You were on level 1 of the Dungeon.
You visited 1 branch of the dungeon, and saw 1 of its levels.

You collected 28 gold pieces.

Inventory:

Hand Weapons
 a - a +0 dagger (weapon)
Armour
 b - a +0 robe (worn)
 c - a +0 hat (worn)
Jewellery
 e - a ring of resist corrosion (left hand)
Potions
 d - a potion of magic


   Skills:
 + Level 0.4 Fighting
 + Level 0.4 Armour
 - Level 2.4 Dodging
 - Level 2.4 Stealth
 * Level 4.8 Spellcasting
 + Level 1.4 Conjurations
 - Level 1.1 Summonings
 - Level 1.1 Translocations


You had 9 spell levels left.
You knew the following spells:

 Your Spells              Type           Power      Damage    Failure   Level
a - Magic Dart            Conj           36%        1d4       8%          1

Your spell library contained the following spells:

 Spells                   Type           Power      Damage    Failure   Level
 Blink                    Tloc           16%        N/A       13%         2
 Call Imp                 Summ           16%        N/A       13%         2
 Slow                     Hex            16%        N/A       14%         1
 Cigotuvi's Dreadful Rot  Necr/Pois/Air  8%         N/A       21%         2
 Mephitic Cloud           Conj/Pois/Air  6%         N/A       32%         3


Dungeon Overview and Level Annotations

Branches:
Dungeon (1/15)

Altars:


Message History

The jackal is heavily wounded.
The jackal misses you.
The endoplasm jiggles.
You closely miss the jackal.
The jackal is heavily wounded.
The jackal closely misses you. The jackal bites you.
Your magical contamination has completely faded away.
You hit the jackal.
The jackal is almost dead.
The jackal bites you.
You hit the jackal but do no damage.
The jackal is almost dead.
The jackal bites you.
* * * LOW HITPOINT WARNING * * *
The jackal closely misses you.
The endoplasm hits you but does no damage.
The jackal attacks as you move away! The jackal misses you.
You hit the jackal.
The jackal is almost dead.
The jackal barely misses you. The endoplasm attacks as you move away!
The endoplasm closely misses you. The jackal bites you.
* * * LOW HITPOINT WARNING * * *
You hit the jackal.
You kill the jackal!
The endoplasm closely misses you.
Casting: Magic Dart (safe; 8% risk of failure)
Confirm with . or Enter, or press ? or * to list all spells.
Aiming: Magic Dart (safe; 8% risk of failure)
Press: ? - help, Shift-Dir - straight line, f - endoplasm
Aim: an endoplasm (100% to hit)
The magic dart hits the endoplasm but does no damage.
The endoplasm hits you but does no damage.
Unknown command.
You completely miss the endoplasm. The endoplasm hits you.
* * * LOW HITPOINT WARNING * * *
You hit the endoplasm but do no damage. The endoplasm freezes you.
You are frozen.
You die...

#.......## +.........
#........( .#
###.......
..##.....?.######+
#..#.#..†..#≈....# #.
##......# ≈....# #.
.....#J.# ≈r...# #.
###....@####≈≈≈≈≈# #.
#......#.'######.# #.
##........###.....#
#.
#.................#
#.
#.....#.#####.....#
#. #.....#...#
#.....# #.
###....##.#.###.....#
#.
#......##.#.........#
#.
#.##.####.####......#
#.


You could see an endoplasm.

Vanquished Creatures
  A dart slug (D:1)
  2 hobgoblins (D:1)
  3 jackals (D:1)
  2 quokkas (D:1)
  2 rats (D:1)
10 creatures vanquished.

Notes
Turn   | Place    | Note
-------+----------+-------------------------------------------
     0 | D:1      | pokeman the Deep Elf Hedge Wizard began the quest for the
                  | Orb.
     0 | D:1      | Reached XP level 1. HP: 10/10 MP: 7/7
   258 | D:1      | Found a faded altar of an unknown god.
   342 | D:1      | Reached XP level 2. HP: 16/16 MP: 3/9
   421 | D:1      | Frozen to death by an endoplasm

Illustrated notes

Levels and vault maps discovered:
D:1:      zaba_arrival_water, layout_basic,
          ebering_ecumenical_altar_sacrificial, minmay_misc_feat_rows,
          chequers_serial_rivers_room_a, minmay_misc_feat_more_columns

Action                     || total
---------------------------++-------
  Melee: Dagger            ||    12
   Cast: Magic Dart        ||    30
 Armour: Robe              ||     4
  Dodge: Dodged            ||    23

Table legend: (Time is in decaauts)
 A = Elapsed time spent in this place.
 B = Non-inter-level travel time spent in this place.
 C = Inter-level travel time spent in this place.
 D = Time resting spent in this place.
 E = Time spent auto-exploring this place.
 F = Levels seen in this place.
 G = Mean time per level.
                   A        B        C        D        E       F      G
               +--------+--------+--------+--------+--------+-----+--------+
         Total |    427 |    427 |      0 |      0 |    368 |   1 |  427.0 |
       Dungeon |    427 |    427 |      0 |      0 |    368 |   1 |  427.0 |
               +--------+--------+--------+--------+--------+-----+--------+

Top non-repeatable levels by time:
     D:1: 427 daAuts
